 Dungeon Crawl Stone Soup version 0.22-a0-388-g09e6169d0a (webtiles) character file.

1739 Majang the Skirmisher (level 9, -13/72 HPs)
             Began as a Gnoll Wanderer on Apr 29, 2018.
             Was an Initiate of Cheibriados.
             Mangled by a slime creature (17 damage)
             ... on level 6 of the Dungeon.
             The game lasted 00:33:20 (8134 turns).

Majang the Skirmisher (Gnoll Wanderer)              Turns: 8134, Time: 00:33:21

Health: -13/72     AC: 10    Str: 18    XL:     9   Next: 5%
Magic:  11/14      EV: 11    Int: 17    God:    Cheibriados [......]
Gold:   121        SH:  0    Dex: 15    Spells: 14/15 levels left

rFire    . . .     SeeInvis .   f - staff of energy (curse)
rCold    . . .     Gourm    .   (no shield)
rNeg     . . .     Faith    .   o - +1 scale mail
rPois    .         Spirit   .   (no helmet)
rElec    .         Reflect  .   (no cloak)
rCorr    .         Harm     .   (no gloves)
MR       .....                  n - +1 pair of boots {Stlth+}
Stlth    ++........             (no amulet)
HPRegen  0.22/turn              (no ring)
MPRegen  0.14/turn              (no ring)

@: very slow
A: distributed training, fangs 1, strong nose
a: Bend Time, Renounce Religion


You were on level 6 of the Dungeon.
You worshipped Cheibriados.
Cheibriados was noncommittal.
You were not hungry.

You visited 2 branches of the dungeon, and saw 8 of its levels.

You collected 302 gold pieces.
You spent 181 gold pieces at shops.

Inventory:

Hand Weapons
 a - a +2 shortbow
 b - a +3 war axe of electrocution
 g - a +2 morningstar of crushing
 u - a +0 lajatang
Missiles
 h - 147 arrows
 r - 3 silver tomahawks (quivered)
Armour
 n - a +1 pair of boots of stealth (worn)
 o - a +1 scale mail (worn)
Magical Staves
 f - a cursed staff of energy (weapon)
Wands
 c - a wand of disintegration (16)
 w - a wand of scattershot (4)
Scrolls
 d - a scroll of teleportation
 e - 2 scrolls of immolation
 i - 3 scrolls of identify
 k - a scroll of amnesia
 q - a scroll of fog
 s - a scroll of enchant armour
Potions
 j - 5 potions of curing
 l - a potion of berserk rage {unknown}
 m - 2 potions of flight
 p - a potion of might
Comestibles
 y - 5 rations


   Skills:
 + Level 7.6 Fighting
 + Level 3.7 Short Blades
 + Level 3.7 Long Blades
 + Level 3.7 Axes
 + Level 3.7 Maces & Flails
 + Level 3.7 Polearms
 + Level 3.7 Staves
 + Level 3.7 Slings
 + Level 4.6 Bows
 + Level 3.7 Crossbows
 + Level 4.6 Throwing
 + Level 4.6 Armour
 + Level 3.7 Dodging
 + Level 4.5 Stealth
 + Level 4.6 Shields
 + Level 6.0 Unarmed Combat
 + Level 3.7 Spellcasting
 + Level 3.1 Conjurations
 + Level 3.1 Hexes
 + Level 3.1 Charms
 + Level 3.1 Summonings
 + Level 3.1 Necromancy
 + Level 3.1 Translocations
 + Level 3.1 Transmutations
 + Level 3.1 Fire Magic
 + Level 3.1 Ice Magic
 + Level 3.1 Air Magic
 + Level 3.1 Earth Magic
 + Level 3.1 Poison Magic
 + Level 4.1 Invocations
 + Level 3.7 Evocations


You had 14 spell levels left.
You knew the following spells:

 Your Spells              Type           Power        Failure   Level  Hunger
a - Sandblast             Erth           ##....       14%         1    None


Dungeon Overview and Level Annotations

Branches:
Dungeon (7/15)             Temple (1/1) D:7

Altars:
Cheibriados
Dithmenos
Fedhas
Gozag
Hepliaklqana
Kikubaaqudgha
Makhleb
Nemelex Xobeh
Okawaru
Qazlal
Ru
Sif Muna
Trog
Uskayaw
Wu Jian
Yredelemnul
Zin
The Shining One

Shops:
D:6 [(*


Innate Abilities, Weirdness & Mutations

Your experience applies equally to all skills.
You have very sharp teeth.
Your uncanny sense of smell can sniff out nearby items.


Message History

The slime creature is moderately wounded.
The slime creature closely misses you.
You hit the slime creature.
The slime creature is moderately wounded.
The slime creature hits you but does no damage.
You hit the slime creature.
The slime creature is moderately wounded.
The slime creature hits you!
* * * LOW HITPOINT WARNING * * *
The flow of time bends around you.
Cheibriados rebukes the slime creature.
The slime creature seems to slow down.
You feel slightly more hungry. The slime creature barely misses you.
You hit the slime creature. You punch the slime creature.
You bite the slime creature.
The slime creature is heavily wounded.
You hit the slime creature.
The slime creature is heavily wounded.
The slime creature hits you!
You die...

#.##.# #....# ###..# #..#
#..# ####..# #.....#
#######ยง###.################
#.......###@................
#.........J.##########.#####
#.......##..# #.#
#.......##..# #.#
##########..#### #.# #.....#
###.# ##.##.# #_### #..#.#
###.### ##.#.###.##..#


You could see a slime creature.

Vanquished Creatures
  A slime creature (D:7)
  Sigmund (D:6)
  An orc warrior (D:3)
  A phantom (D:5)
  3 slaves (D:6)
  Blork the orc (D:4)
  2 bullfrogs
  A wyvern skeleton (D:6)
  A scorpion (D:4)
  A crimson imp (D:5)
  A howler monkey (D:4)
  A centaur zombie (D:7)
  A quasit (D:6)
  2 bullfrog skeletons (D:5)
  5 orc priests
  A hound (D:4)
  3 jellies
  Ijyb (D:5)
  Terence (D:3)
  An iguana (D:7)
  5 orc wizards
  3 worker ants
  A hound zombie (D:7)
  A hound skeleton (D:7)
  5 adders
  2 oozes
  2 adder skeletons
  A worm (D:3)
  4 leopard geckos
  25 orcs
  A ball python (D:3)
  5 bats
  5 giant cockroaches
  5 goblins
  2 hobgoblins
  3 jackals (D:5)
  A quokka (D:4)
  A ball python skeleton (D:4)
  2 frilled lizards
  2 giant cockroach zombies
  A jackal zombie (D:5)
  5 kobolds
  A quokka skeleton (D:6)
  4 rats
117 creatures vanquished.

Notes
Turn   | Place    | Note
-------+----------+-------------------------------------------
     0 | D:1      | Majang the Gnoll Wanderer began the quest for the Orb.
     0 | D:1      | Majang set off with: a +2 shortbow, 29 arrows, a +0 ring mail, a scroll of teleportation, a ration
     0 | D:1      | Reached XP level 1. HP: 23/23 MP: 1/1
   394 | D:1      | Reached XP level 2. HP: 29/29 MP: 2/2
   910 | D:2      | Found an iron altar of Okawaru.
   971 | D:2      | Reached XP level 3. HP: 35/35 MP: 3/3
  1226 | D:2      | Reached skill level 1 in Invocations
  1246 | D:2      | Found a bloodstained altar of Trog.
  1516 | D:3      | Reached skill level 1 in Short Blades
  1516 | D:3      | Reached skill level 1 in Long Blades
  1516 | D:3      | Reached skill level 1 in Axes
  1516 | D:3      | Reached skill level 1 in Maces & Flails
  1516 | D:3      | Reached skill level 1 in Polearms
  1516 | D:3      | Reached skill level 1 in Staves
  1516 | D:3      | Reached skill level 1 in Slings
  1516 | D:3      | Reached skill level 1 in Crossbows
  1516 | D:3      | Reached skill level 1 in Dodging
  1516 | D:3      | Reached skill level 1 in Spellcasting
  1516 | D:3      | Reached skill level 1 in Evocations
  1683 | D:3      | Noticed Terence
  1692 | D:3      | Killed Terence
  1692 | D:3      | Reached XP level 4. HP: 35/41 MP: 5/5
  2052 | D:4      | Reached skill level 1 in Conjurations
  2052 | D:4      | Reached skill level 1 in Hexes
  2052 | D:4      | Reached skill level 1 in Charms
  2052 | D:4      | Reached skill level 1 in Summonings
  2052 | D:4      | Reached skill level 1 in Necromancy
  2052 | D:4      | Reached skill level 1 in Translocations
  2052 | D:4      | Reached skill level 1 in Transmutations
  2052 | D:4      | Reached skill level 1 in Fire Magic
  2052 | D:4      | Reached skill level 1 in Ice Magic
  2052 | D:4      | Reached skill level 1 in Air Magic
  2052 | D:4      | Reached skill level 1 in Earth Magic
  2052 | D:4      | Reached skill level 1 in Poison Magic
  2052 | D:4      | Reached XP level 5. HP: 47/47 MP: 5/7
  2345 | D:4      | Reached XP level 6. HP: 48/53 MP: 8/8
  2526 | D:4      | Noticed an orc warrior
  2744 | D:3      | Killed an orc warrior
  2744 | D:3      | Reached skill level 5 in Unarmed Combat
  3063 | D:4      | Noticed Blork the orc
  3072 | D:4      | Killed Blork the orc
  3072 | D:4      | Reached XP level 7. HP: 38/59 MP: 10/10
  3388 | D:5      | Entered Level 5 of the Dungeon
  3471 | D:5      | Reached skill level 7 in Fighting
  4081 | D:5      | Noticed Ijyb
  4087 | D:5      | Killed Ijyb
  4214 | D:5      | Found a burning altar of Makhleb.
  4214 | D:5      | Noticed a green death
  4330 | D:6      | Noticed Sigmund
  4336 | D:6      | Killed Sigmund
  4336 | D:6      | Reached XP level 8. HP: 51/67 MP: 10/12
  4341 | D:6      | Found Goxeam's Armour Emporium.
  4575 | D:6      | Bought a +1 pair of boots of stealth for 181 gold pieces
  4754 | D:6      | Found an opulent altar of Gozag.
  5121 | D:6      | Found Pyqaffec's Weapon Boutique.
  5860 | D:6      | Found Noujul's Assorted Antiques.
  5872 | D:6      | Found a sacrificial altar of Ru.
  6512 | D:7      | Found a staircase to the Ecumenical Temple.
  6521 | Temple   | Entered the Ecumenical Temple
  6573 | Temple   | Became a worshipper of Cheibriados the Contemplative
  6793 | D:7      | Noticed a slime creature
  6803 | D:7      | Noticed a slime creature
  6804 | D:7      | Noticed a slime creature
  7567 | D:7      | Noticed a slime creature
  7569 | D:7      | Noticed a slime creature
  7608 | D:7      | Killed a slime creature
  7608 | D:7      | Reached XP level 9. HP: 24/72 MP: 14/14
  7896 | D:7      | Found a glowing silver altar of Zin.
  7898 | D:7      | Found a glowing golden altar of the Shining One.
  8054 | D:7      | Learned a level 1 spell: Sandblast
  8134 | D:6      | Mangled by a slime creature

Vault maps used:
D:1:      elethiomel_arrival_infinity_welcomes_careful_drivers
D:2:      lightli_temple_of_fire, okawaru_gym_becter, first_ration
D:3:      uniq_terence
D:4:      uniq_blork_the_orc
D:5:      makhleb_altar_promises_db, uniq_ijyb
D:6:      nicolae_ru_great_annihilating_truth, marbit_many_paths, serial_shops,
          shop, shop, kennysheep_mini_moat, uniq_pikel, uniq_sigmund
D:7:      nicolae_overflow_hidden_temple, temple_statues, water_maze_lemuel
Temple:   minmay_temple_curvy_loop

Skill      XL: |  1  2  3  4  5  6  7  8 |
---------------+-------------------------+-----
Invocations    | 1 2 3 4 |  4.1
Short Blades   | 1 2 3 |  3.7
Long Blades    | 1 2 3 |  3.7
Axes           | 1 2 3 |  3.7
Maces & Flails | 1 2 3 |  3.7
Polearms       | 1 2 3 |  3.7
Staves         | 1 2 3 |  3.7
Slings         | 1 2 3 |  3.7
Crossbows      | 1 2 3 |  3.7
Dodging        | 1 2 3 |  3.7
Spellcasting   | 1 2 3 |  3.7
Evocations     | 1 2 3 |  3.7
Conjurations   | 1 2 3 |  3.1
Hexes          | 1 2 3 |  3.1
Charms         | 1 2 3 |  3.1
Summonings     | 1 2 3 |  3.1
Necromancy     | 1 2 3 |  3.1
Translocations | 1 2 3 |  3.1
Transmutations | 1 2 3 |  3.1
Fire Magic     | 1 2 3 |  3.1
Ice Magic      | 1 2 3 |  3.1
Air Magic      | 1 2 3 |  3.1
Earth Magic    | 1 2 3 |  3.1
Poison Magic   | 1 2 3 |  3.1
Bows           | 3 4 |  4.6
Throwing       | 3 4 |  4.6
Armour         | 3 4 |  4.6
Shields        | 3 4 |  4.6
Stealth        | 3 4 |  4.5
Unarmed Combat | 5 6 |  6.0
Fighting       | 7 |  7.6

Action                   |  1- 3 |  4- 6 |  7- 9 || total
-------------------------+-------+-------+-------++-------
Melee: Hand axe          |    21 |       |       ||    21
       Unarmed           |     3 |       |       ||     3
       Bite              |    11 |     5 |    64 ||    80
       Punch             |     2 |       |    15 ||    17
       Lajatang          |    45 |    21 |       ||    66
       War axe           |       |    24 |    95 ||   119
       Staff             |       |       |   457 ||   457
 Fire: Shortbow          |    14 |    31 |       ||    45
Throw: Tomahawk          |       |       |     3 ||     3
Invok: Bend Time         |       |       |     1 ||     1
  Use: Potion            |     1 |       |     7 ||     8
       Scroll            |       |     1 |    11 ||    12
 Stab: Sleeping          |     3 |       |     2 ||     5
       Invisible         |       |       |     8 ||     8
  Eat: Chunk             |     2 |     4 |     9 ||    15
       Ration            |       |       |     3 ||     3
Armor: Ring mail         |    31 |       |       ||    31
       Scale mail        |       |    11 |   266 ||   277
       Skin              |       |       |    12 ||    12
Dodge: Dodged            |    35 |    22 |   322 ||   379

Table legend:
 A = Spawn XP
 B = Non-spawn XP
 C = Spawn XP percentage of total XP
 D = Spawn monster count
 E = Non-spawn monster count
 F = Spawn count percentage of total count
 G = Total turns spent on level
                    A         B        C        D         E        F      G
               +---------+---------+-------+---------+---------+-------+---------
         Total |       0 |    2485 |   0.0 |       0 |     114 |   0.0 |  8134
               +---------+---------+-------+---------+---------+-------+---------
           D:1 |       0 |      19 |   0.0 |       0 |       8 |   0.0 |   898
           D:2 |       0 |      44 |   0.0 |       0 |      15 |   0.0 |   508
           D:3 |       0 |     191 |   0.0 |       0 |      12 |   0.0 |  1117
           D:4 |       0 |     442 |   0.0 |       0 |      17 |   0.0 |  1079
           D:5 |       0 |     662 |   0.0 |       0 |      32 |   0.0 |  1890
           D:6 |       0 |     557 |   0.0 |       0 |      15 |   0.0 |   856
           D:7 |       0 |     570 |   0.0 |       0 |      15 |   0.0 |  1636
               +---------+---------+-------+---------+---------+-------+---------
